 Dungeon Crawl Stone Soup version 0.27.1-1-g398f81649c (webtiles) character file.

Game seed: 3244459768702648494

338 Descartes the Covert (level 6, -1/28 (32) HPs)
             Began as a Spriggan Delver on Sept 13, 2021.
             Slain by a wight (2 damage)
             ... in an ossuary.
             The game lasted 00:02:06 (490 turns).

Descartes the Covert (Spriggan Delver)               Turns: 490, Time: 00:02:07

HP:   -1/28 (32)    AC:  2    Str: 10    XL:     6   Next: 29%
MP:   7/7           EV: 18    Int: 11    God:
Gold: 0             SH:  0    Dex: 17    Spells: 5/5 levels left

rFire    . . .     SeeInvis +   a - +0 short sword
rCold    . . .     Faith    .   (shield restricted)
rNeg     . . .     Spirit   .   b - +0 robe
rPois    .         Reflect  .   (helmet restricted)
rElec    .         Harm     .   (no cloak)
rCorr    .         Rampage  .   (gloves unavailable)
Will     +....                  (boots unavailable)
Stlth    +++++.....             (no amulet)
HPRegen  0.09/turn              (no ring)
MPRegen  0.10/turn              (no ring)

@: heavily drained, very quick
A: very small, no large weapons, unfitting armour, see invisible, speed 3
a: no special abilities


You were in an ossuary.
You visited 1 branch of the dungeon, and saw 1 of its levels.
You also visited: Ossuary.

Inventory:

Hand Weapons
 a - a +0 short sword (weapon)
 h - a +1 spear
Missiles
 d - 31 stones (quivered)
Armour
 b - a +0 robe (worn)
Wands
 g - a wand of digging (3)
 m - a wand of charming (5)
 o - a wand of flame (23)
 q - a wand of acid (6)
Scrolls
 c - a scroll of fog
 e - a scroll of fear
 i - a scroll of identify {unknown}
 j - a scroll of immolation {unknown}
 p - a scroll of enchant weapon {unknown}
 r - a scroll of teleportation {unknown}
Potions
 f - a potion of haste
 k - a potion of lignification {unknown}
 l - a potion of magic {unknown}
 n - 3 potions of heal wounds {unknown}
 s - a potion of mutation {unknown}


   Skills:
 - Level 2.8 Fighting
 + Level 4.1 Short Blades
 + Level 3.8 Dodging
 - Level 10.0 Stealth
 + Level 2.2 Evocations


You had 5 spell levels left.
You didn't know any spells.
Your spell library was empty.

Dungeon Overview and Level Annotations

Branches:
Dungeon (5/15)            Ossuary (1/1)
 Temple: D:4-7

Altars:


Innate Abilities, Weirdness & Mutations

You are very small and have problems with some larger weapons.
You are too small for most types of armour.
You have supernaturally acute eyesight. (SInv)
You cover ground extremely quickly. (Speed+++)


Message History

The wight completely misses you.
There is an open door here.
You hit the wight but do no damage. The wight barely misses you.
You closely miss the wight. The wight misses you.
You hit the wight but do no damage. The wight barely misses you.
You barely miss the wight. The wight completely misses you.
You hit the wight.
The wight is moderately damaged.
The wight hits you with a +0 flail.
You feel drained.
You hit the wight.
The wight is severely damaged.
You closely miss the wight.
The wight is severely damaged.
The wight closely misses you.
You barely miss the wight.
The wight is severely damaged.
The wight hits you with a +0 flail.
You hit the wight.
The wight is almost destroyed.
The wight closely misses you.
You barely miss the wight.
The wight is almost destroyed.
The wight hits you with a +0 flail.
You feel drained.
You are too injured to fight recklessly!
You barely miss the wight.
The wight is almost destroyed.
The wight closely misses you.
You closely miss the wight.
The wight is almost destroyed.
The wight hits you with a +0 flail!
* * * LOW HITPOINT WARNING * * *
You hit the wight but do no damage.
The wight is almost destroyed.
The wight closely misses you.
You closely miss the wight.
The wight is almost destroyed.
The wight hits you with a +0 flail!
* * * LOW HITPOINT WARNING * * *
You feel drained.
You die...

####### ### #.###..###..###.#
#.....# #z# #...............#
#.8.8.#####▓###.###.......###.#
'.......'.....'.# #.......#z#.#
#.8.8.#####▓###.###.......###.#
#.....# #W# #...............#
####### ### #.###..###..###.#
#.#z#..#z#..#.#.#
#.@##..###..##'.#
#...............#
#################


You could see a wight.

Vanquished Creatures
  2 wraiths (Ossuary)
  A wight (Ossuary)
  2 adder zombies (Ossuary)
  A goblin zombie (D:5)
  2 hobgoblin skeletons (Ossuary)
  2 kobold zombies (Ossuary)
  2 orc skeletons (Ossuary)
  A quokka zombie (D:5)
13 creatures vanquished.

Notes
Turn   | Place    | Note
-------+----------+-------------------------------------------
     0 | D:5      | Descartes the Spriggan Delver began the quest for the Orb.
     0 | D:5      | Reached XP level 1. HP: 11/11 MP: 2/2
    29 | D:5      | Found a sand-covered staircase.
    44 | Ossuary  | Entered an ossuary
   353 | Ossuary  | Reached XP level 2. HP: 16/16 MP: 3/3
   368 | Ossuary  | Noticed a wight
   370 | Ossuary  | Killed a wight
   371 | Ossuary  | Reached skill level 8 in Stealth
   371 | Ossuary  | Reached XP level 3. HP: 19/19 MP: 4/4
   393 | Ossuary  | Noticed a flying skull
   393 | Ossuary  | Noticed a wraith
   400 | Ossuary  | Noticed a flying skull
   440 | Ossuary  | Noticed a wraith
   447 | Ossuary  | Killed a wraith
   448 | Ossuary  | Reached skill level 10 in Stealth
   448 | Ossuary  | Reached XP level 4. HP: 23/23 MP: 5/5
   448 | Ossuary  | Reached XP level 5. HP: 28/28 MP: 6/6
   451 | Ossuary  | Noticed a flying skull
   460 | Ossuary  | Noticed a wraith
   462 | Ossuary  | Killed a wraith
   463 | Ossuary  | Reached XP level 6. HP: 32/32 MP: 7/7
   471 | Ossuary  | Noticed a flying skull
   490 | Ossuary  | HP: 1/30 [wight (7)]
   490 | Ossuary  | Slain by a wight

Illustrated notes

Levels and vault maps discovered:
D:5:      layout_basic, enter_ossuary_4
Ossuary:  ossuary_due_cavern

Skill      XL: |  1  2  3  4  5 |
---------------+----------------+-----
Stealth        | 8 10 | 10.0
Short Blades   | 3 4 |  4.1
Dodging        | 3 |  3.8
Evocations     | 2 |  2.2
Fighting       | |  2.8

Action                   |  1- 3 |  4- 6 || total
-------------------------+-------+-------++-------
Melee: Short sword       |    29 |    15 ||    44
  Use: Scroll            |     1 |       ||     1
 Stab: Sleeping          |    10 |     1 ||    11
Armor: Robe              |     1 |       ||     1
Dodge: Dodged            |    15 |     9 ||    24
